 Dungeon Crawl Stone Soup version 0.25-a0-528-g6b7c99946c (webtiles) character file.

Game seed: 8426467089554947346, levelgen mode: classic

51 EnegeticOcto the Covered (level 3, -2/34 HPs)
             Began as a Deep Dwarf Fighter on Feb 19, 2020.
             Killed by divine providence
             ... invoked by an orc priest
              (12 damage)
             ... on level 4 of the Dungeon.
             The game lasted 00:00:26 (365 turns).

EnegeticOcto the Covered (Deep Dwarf Fighter)        Turns: 365, Time: 00:00:27

Health: -2/34      AC:  8    Str: 20    XL:     3   Next: 57%
Magic:  2/2        EV:  7    Int:  8    God:
Gold:   53         SH:  9    Dex: 12    Spells: 2/2 levels left

rFire    . . .     SeeInvis .   a - +0 war axe
rCold    . . .     Gourm    .   c - +0 kite shield
rNeg     . . .     Faith    .   b - +0 scale mail
rPois    .         Spirit   .   (no helmet)
rElec    .         Reflect  .   (no cloak)
rCorr    .         Harm     .   (no gloves)
MR       .....                  j - +0 pair of boots
Stlth    ..........             (no amulet)
HPRegen  0.00/turn              (no ring)
MPRegen  0.08/turn              (no ring)

@: non-regenerating
A: damage resistance, heal wounds, sense surroundings 1, no regeneration
a: Heal Wounds


You were on level 4 of the Dungeon.
You were not hungry.

You visited 1 branch of the dungeon, and saw 4 of its levels.

You collected 53 gold pieces.

Inventory:

Hand Weapons
 a - a +0 war axe (weapon)
Armour
 b - a +0 scale mail (worn)
 c - a +0 kite shield (worn)
 j - a +0 pair of boots (worn)
Scrolls
 f - a scroll of identify {unknown}
 i - a scroll of immolation {unknown}
Potions
 g - a potion of curing {unknown}
 h - a potion of lignification {unknown}
 k - a potion of might {@q3}
Comestibles
 d - a chunk of flesh
 e - a ration


   Skills:
 * Level 3.2 Fighting
 * Level 3.0 Axes
 + Level 3.5 Armour
 + Level 1.0 Dodging
 + Level 3.5 Shields


You had 2 spell levels left.
You didn't know any spells.
Your spell library was empty.

Dungeon Overview and Level Annotations

Branches:
Dungeon (4/15)
 Temple: D:4-7

Altars:


Innate Abilities, Weirdness & Mutations

You are resistant to damage.
You can heal yourself by infusing magical energy.
You passively map a small area around you.
You do not regenerate.


Message History

You hit the orc priest.
The orc priest is heavily wounded.
You slash the orc priest!
You hit the orc wizard but do no damage.
The orc priest calls upon Beogh to heal the orc priest.
The orc priest is healed somewhat.
The orc wizard hits you but does no damage.
You block the orc priest's attack.
The orc priest hits you but does no damage.
You hit the orc priest.
The orc priest is almost dead.
You closely miss the orc wizard. You closely miss the orc priest.
You block the orc wizard's attack.
The orc priest calls down the wrath of Beogh upon you.
Beogh smites you! You block the orc priest's attack.
The orc wizard casts a spell.
The orc wizard blinks!
You barely miss the orc priest.
The orc priest is almost dead.
You hit the orc priest but do no damage.
The orc priest hits you but does no damage. x2
The orc priest completely misses you.
You hit the orc priest but do no damage.
The orc priest is almost dead.
You hit the orc priest. You block the orc priest's attack.
The orc priest closely misses you.
The orc priest hits you but does no damage.
You block the orc wizard's attack.
You hit the orc priest but do no damage.
The orc priest is almost dead.
You closely miss the orc priest. You hit the orc wizard.
The orc priest hits you.
The orc priest mumbles some strange prayers to Beogh against you.
Beogh smites you!
* * * LOW HITPOINT WARNING * * *
You block the orc wizard's attack.
You are too injured to fight recklessly!
You are too injured to fight recklessly!
You are too injured to fight recklessly!
You are too injured to fight recklessly!
You are too injured to fight recklessly!
You fail to use your ability.
The orc priest hits you but does no damage.
You block the orc priest's attack. The orc wizard completely misses you.
You are too injured to fight recklessly!
You are too injured to fight recklessly!
You feel much better. You block the orc priest's attack.
The orc wizard hits you with a +0 dagger.
The orc priest closely misses you.
Your magical essence is drained by the effort!
You feel much better. You block the orc priest's attack.
The orc wizard hits you with a +0 dagger.
The orc priest barely misses you.
You closely miss the orc priest.
The orc priest is almost dead.
You closely miss the orc priest. You closely miss the orc wizard.
The orc priest calls upon Beogh to heal the orc wizard.
The orc wizard is healed somewhat.
The orc wizard points at you and mumbles some strange words.
You resist with some effort.
The orc priest invokes the aid of Beogh against you.
Beogh smites you!
The orc priest hits you but does no damage.
The orc wizard hits you but does no damage.
You hit the orc priest.
You kill the orc priest!
Your Axes skill increases to level 3!
Your Dodging skill increases to level 1!
You have reached level 3!
Your experience leads to an increase in your attributes!
Increase (S)trength, (I)ntelligence, or (D)exterity?
You feel stronger.
You closely miss the orc priest.
You hit the orc wizard but do no damage.
The orc priest begins to cast a cantrip, but forgets the words!
The orc wizard barely misses you. You block the orc priest's attack.
Your shield and scale mail prevent you from hitting the orc priest.
The orc priest is heavily wounded.
You hit the orc wizard.
The orc wizard hits you but does no damage.
The orc priest barely misses you.
You feel much better.
The orc wizard hits you but does no damage.
The orc priest calls down the wrath of Beogh upon you.
Beogh smites you!
You closely miss the orc priest.
The orc priest is heavily wounded.
You hit the orc wizard.
The orc wizard hits you but does no damage.
The orc priest barely misses you. You block the orc wizard's attack.
You barely miss the orc wizard.
The orc wizard is heavily wounded.
You hit the orc priest.
The orc priest mumbles some strange prayers to Beogh against you.
Beogh smites you!
* * * LOW HITPOINT WARNING * * *
You block the orc wizard's attack.
The orc priest mumbles some strange prayers to Beogh against you.
Beogh smites you!
You die...

, , * * * **
* * ,, , , *
, *##########
* ,
,.......@<#,
......oo...#
, *
############*
* * , ,, * *
* ,


You could see an orc priest and an orc wizard.

Vanquished Creatures
  An orc priest (D:4)
  An adder (D:3)
  A dart slug (D:1)
  2 bats (D:1)
  A giant cockroach (D:2)
  A hobgoblin (D:2)
  3 kobolds
  A quokka (D:2)
  A rat (D:1)
12 creatures vanquished.

Notes
Turn   | Place    | Note
-------+----------+-------------------------------------------
     0 | D:1      | EnegeticOcto the Deep Dwarf Fighter began the quest for the
                  | Orb.
     0 | D:1      | Reached XP level 1. HP: 20/20 MP: 1/1
    39 | D:1      | You fall into a shaft and drop 1 floor!
   167 | D:1      | Reached XP level 2. HP: 27/27 MP: 2/2
   361 | D:4      | Reached skill level 1 in Dodging
   361 | D:4      | Reached XP level 3. HP: 24/34 MP: 2/2
   365 | D:4      | Killed from afar by an orc priest

Levels and vault maps discovered:
D:1:      onia_arrival_pentagram, layout_basic
D:2:      layout_loops_corners, bloody_trog, overflow_temple_1_default,
          st_stairs_6
D:3:      layout_basic, lemuel_coloured_pillars_altar,
          chequers_ecumenical_altar_grove
D:4:      layout_basic, lemuel_crystal_altar, serial_shops, shop

Skill      XL: |  1  2 |
---------------+-------+-----
Fighting       | 3 |  3.2
Axes           | 3 |  3.0
Dodging        | 1 |  1.0
Armour         | |  3.5
Shields        | |  3.5

Action                   || total
-------------------------++-------
Melee: War axe           ||    56
 Abil: Heal Wounds       ||     3
Armor: Scale mail        ||    29
Dodge: Dodged            ||    24
Block: Kite shield       ||    39

Table legend:
 A = Non-vault XP
 B = Vault XP
 C = Vault XP percentage of total XP
 D = Non-vault monster count
 E = Vault monster count
 F = Vault count percentage of total count
                 A         B        C        D         E       F
            +---------+---------+-------+---------+---------+-------
      Total |      73 |       0 |   0.0 |      12 |       0 |   0.0
            +---------+---------+-------+---------+---------+-------
        D:1 |      11 |       0 |   0.0 |       5 |       0 |   0.0
        D:2 |       7 |       0 |   0.0 |       4 |       0 |   0.0
        D:3 |      14 |       0 |   0.0 |       2 |       0 |   0.0
        D:4 |      41 |       0 |   0.0 |       1 |       0 |   0.0
            +---------+---------+-------+---------+---------+-------
